 Dungeon Crawl Stone Soup version 0.30.1-3-gfc49f6343a (webtiles) character file.

Game seed: 13650241572445641824

22 Fodor the Trooper (level 2, 0/28 HPs)
             Began as a Minotaur Fighter on July 20, 2023.
             Slain by a gnoll
             ... wielding a +0 halberd
              (13 damage)
             ... on level 2 of the Dungeon.
             The game lasted 00:03:05 (518 turns).

Fodor the Trooper (Minotaur Fighter)                 Turns: 518, Time: 00:03:06

Health: 0/28       AC: 14    Str: 20    XL:     2   Next: 68%
Magic:  1/1        EV:  9    Int:  5    God:
Gold:   6          SH:  4    Dex:  9    Spells: 1/1 levels left

rFire   . . .        e - +2 short sword (protect)
rCold   . . .        c - +0 buckler
rNeg    . . .        b - +0 scale mail
rPois   .            (helmet restricted)
rElec   .            (no cloak)
rCorr   .            (no gloves)
SInv    .            (no boots)
Will    .....        (no amulet) Stlth
                     (no ring)
HPRegen 0.24/turn    (no ring)
MPRegen 0.07/turn

%: no passive effects
@: under a protective aura
A: horns 2, retaliatory headbutt
a: no special abilities


You were on level 2 of the Dungeon.
You visited 1 branch of the dungeon, and saw 2 of its levels.

You collected 6 gold pieces.

Inventory:

Hand Weapons
 a - a +0 long sword
 e - a +2 short sword of protection (weapon)
Armour
 b - a +0 scale mail (worn)
 c - a +0 buckler (worn)
Scrolls
 g - a scroll of identify {unknown}
 h - a scroll of silence {unknown}
Potions
 d - a potion of might
 f - a potion of heal wounds {unknown}


   Skills:
 + Level 4.3 Fighting
 + Level 2.4 Long Blades
 + Level 3.7 Armour
 + Level 0.4 Dodging
 + Level 4.0 Shields


You had one spell level left.
You didn't know any spells.
Your spell library was empty.

Dungeon Overview and Level Annotations

Branches:
Dungeon (2/15)

Altars:


Innate Abilities, Weirdness & Mutations

You have a pair of horns on your head.
You reflexively headbutt those who attack you in melee.


Message History

Found a stone staircase leading down.
The gnoll shouts!
You hear a shout! x2; You hear an angry hiss.
A gnoll comes into view. It is wielding a +0 halberd.
The gnoll hits you but does no damage.
A frilled lizard comes into view.
The gnoll closely misses you. You furiously retaliate!
You headbutt the gnoll! You hit the gnoll.
Your weapon exudes an aura of protection.
You kill the gnoll!
The gnoll barely misses you.
A gnoll comes into view. It is wielding a +0 club.
Your Fighting skill increases to level 4!
You block the gnoll's attack.
A gnoll comes into view. It is wielding a +0 whip.
You see here a +0 spear.
The gnoll shouts!
You hit the gnoll.
The gnoll is moderately wounded.
You hear a shout! x2
The frilled lizard bites you but does no damage.
A goblin comes into view. It is wielding a +0 dagger.
You hit the gnoll.
The gnoll is moderately wounded.
The gnoll closely misses you.
The frilled lizard bites you but does no damage.
The gnoll hits you but does no damage.
You barely miss the gnoll.
The gnoll is moderately wounded.
The gnoll hits you with a +0 halberd!
The frilled lizard bites you but does no damage.
The gnoll hits you but does no damage.
You hit the gnoll. Your headbutt misses the gnoll.
The gnoll is severely wounded.
The gnoll hits you with a +0 halberd.
The frilled lizard bites you but does no damage.
The gnoll hits you but does no damage.
You hit the gnoll. You headbutt the gnoll.
The gnoll is almost dead.
The gnoll hits you with a +0 halberd!
You die...

###############
####.............#
........########.#
......g@# #.#
.....glg# ##.####
.....>.g. #)....#
#####.#### #####.#
.. #†.<#.# ##.
#.###.# #. #.....#
#######


You could see 3 gnolls, a goblin and a frilled lizard.

Vanquished Creatures
  A gnoll (D:2)
  2 dart slugs (D:1)
  A ball python (D:1)
  A hobgoblin (D:1)
  3 kobolds (D:1)
  A frilled lizard (D:2)
9 creatures vanquished.

Notes
Turn   | Place    | Note
-------+----------+-------------------------------------------
     0 | D:1      | Fodor the Minotaur Fighter began the quest for the Orb.
     0 | D:1      | Reached XP level 1. HP: 19/19 MP: 0/0
   282 | D:1      | Reached XP level 2. HP: 27/27 MP: 1/1
   518 | D:2      | Slain by a gnoll

Illustrated notes

Levels and vault maps discovered:
D:1:      amcnicky_arrival_abandoned_market, layout_basic,
          chequers_serial_rivers_room_a
D:2:      layout_basic

Skill      XL: |  1  2 |
---------------+-------+-----
Shields        | 4 |  4.0
Fighting       | 4 |  4.3
Long Blades    | |  2.4
Armour         | |  3.7
Dodging        | |  0.4

Action                     || total
---------------------------++-------
  Melee: Long sword        ||    10
         Short sword       ||    10
         Headbutt          ||     2
 Armour: Scale mail        ||    18
  Dodge: Dodged            ||    11
  Block: Buckler           ||     3
